AoeStats
← Daarth Vader

Fortress

510387938Analyzed
1v1 RM · 16h ago on Sep 30, 2026· 17m 3s· 2 players
Game mode
Random Map
Map size
Small (3 player)
Population
200
Speed
Normal
Resources
Standard
Victory
Conquest
Starting age
Dark Age
Ending age
Imperial Age
RankedLock teamsTeams togetherTeam positionsShared explorationLock speedFull tech treeHidden civsTurbo modeCheats
Victory
Defeat
🇬🇧 Franks · United Kingdom
1213
+18
🇺🇸 Danes · United States
1262
-18
The Potato King
0:50 Loom
7:10 Feudal Age
7:40 Double-Bit Axe
7:48 Gold Mining
8:38 Wheelbarrow
14:05 Castle Age
12:05 Fletching
12:31 Padded Archer Armor
13:36 Scale Mail Armor
13:52 Forging
15:17 Squires
Daarth Vader
7:08 Feudal Age
10:47 Castle Age
8:54 Double-Bit Axe
8:56 Loom
9:52 Scale Mail Armor
10:03 Forging
11:39 Squires
13:45 Arson
Connection lost

Rejoining the realm…

Still unreachable

The connection could not be restored.

Session expired

The server has moved on; the page needs a fresh start.